 Dungeon Crawl Stone Soup version 0.30-b1-2-g02819fbbbe (webtiles) character file.

Game seed: 2676015323072256449

141179 Borgoz the Tortoise (level 16, 0/155 HPs)
             Began as a Minotaur Berserker on June 17, 2023.
             Was the Champion of Trog.
             Slain by an ogre mage
             ... wielding a +0 club
              (6 damage)
             ... while paralysed by an ogre mage
             ... on level 2 of the Orcish Mines.
             The game lasted 00:40:01 (20103 turns).

Borgoz the Tortoise (Minotaur Berserker)           Turns: 20103, Time: 00:40:02

Health: 0/155      AC: 23    Str: 29    XL:     16   Next: 77%
Magic:  15/15      EV:  2    Int:  4    God:    Trog [******]
Gold:   66         SH:  0    Dex: 17    Spells: 15/15 levels left

rFire   . . .        a - +9 great sword (elec)
rCold   . . .        (shield currently unavailable)
rNeg    . . .        G - +7 ring mail of Stoicism {Str+3}
rPois   +            (helmet restricted)
rElec   .            I - +0 cloak
rCorr   +            g - +0 pair of gloves
SInv    .            c - +2 pair of boots
Will    .....        r - amulet of the Leaf {Will- Regen+ rCorr Str+3}
Stlth   +            q - +5 ring of evasion
HPRegen 1.25/turn    Q - ring of poison resistance
MPRegen 0.14/turn

%: no passive effects
@: confused, paralysed, lethally poisoned (0 -> -4)
A: horns 2, retaliatory headbutt
a: Renounce Religion, Berserk, Trog's Hand, Brothers in Arms


You were on level 2 of the Orcish Mines.
You worshipped Trog.
Trog was exalted by your worship.
You visited 5 branches of the dungeon, and saw 24 of its levels.
You visited 1 bazaar.
You also visited: Sewer.

You collected 1623 gold pieces.
You spent 1557 gold pieces at shops.

Inventory:

Hand Weapons
 a - a +9 great sword of electrocution (weapon)
 b - a +6 great sword of flaming
Missiles
 h - 3 throwing nets (quivered)
 J - 25 poisoned darts
 U - 7 javelins
Armour
 c - a +2 pair of boots (worn)
 g - a +0 pair of gloves (worn)
 k - the +0 storm dragon scales of Otawk {rElec Int+2}
   (You acquired it on level 6 of the Dungeon)

   Int:       It affects your intelligence (+2).
   rElec:     It insulates you from electricity.
 s - the +7 plate armour of Supple Strength {rN+ Int-5 Slay+2}
   (You bought it in a shop in a bazaar)

   Int:       It affects your intelligence (-5).
   Slay:      It affects your accuracy & damage with ranged weapons and melee
   (+2).
   rN:        It protects you from negative energy.
 G - the +7 ring mail of Stoicism (worn) {Str+3}
   (You found it on level 5 of the Dungeon)

   Str:       It affects your strength (+3).
 I - a +0 cloak (worn)
 T - a +2 ring mail of cold resistance
Jewellery
 l - a +6 ring of intelligence
 m - a ring of protection from fire
 q - a +5 ring of evasion (left hand)
 r - the amulet of the Leaf (around neck) {Will- Regen+ rCorr Str+3}
   (You acquired it on level 6 of the Dungeon)

   [amulet of regeneration]

   Str:       It affects your strength (+3).
   Regen:     It increases your rate of health regeneration.
   rCorr:     It protects you from acid and corrosion.
   Will:      It decreases your willpower.
 C - a ring of protection from cold
 M - a ring of resist corrosion
 Q - a ring of poison resistance (right hand)
 R - an amulet of reflection
Wands
 e - a wand of digging (15)
 y - a wand of charming (10)
 D - a wand of mindburst (10)
 L - a wand of flame (22)
 V - a wand of roots (8)
Scrolls
 j - 8 scrolls of teleportation
 o - 6 scrolls of enchant armour
 p - 6 scrolls of identify
 t - 7 scrolls of fog
 E - 2 scrolls of enchant weapon
 H - 3 scrolls of blinking
 N - a scroll of magic mapping
 O - 3 scrolls of fear
Potions
 d - 5 potions of resistance
 f - 3 potions of cancellation
 i - 2 potions of haste
 n - 5 potions of heal wounds
 v - 5 potions of mutation
 w - 8 potions of curing
 x - 6 potions of lignification
 z - 4 potions of flight
 A - 3 potions of attraction
 B - 5 potions of might
 S - a potion of berserk rage


   Skills:
 * Level 17.1 Fighting
 * Level 17.1 Long Blades
 - Level 5.0 Throwing
 + Level 17.7 Armour
 * Level 16.6 Dodging
 - Level 5.0 Stealth
 - Level 5.0 Evocations


You had 15 spell levels left.
You didn't know any spells.
Your spell library was empty.

Dungeon Overview and Level Annotations

Branches:
Dungeon (15/15)            Temple (1/1) D:4            Lair (5/5) D:10
  Swamp (1/4) Lair:3       Spider (0/4) Lair:2        Slime (0/5) Lair:4
    Orc (2/2) D:10            Elf (0/3) Orc:2        Vaults (0/5) D:14
 Depths (0/4) D:15          Sewer (visited)

Altars:
Ashenzari
Cheibriados
Dithmenos
Elyvilon
Fedhas
Gozag
Hepliaklqana
Kikubaaqudgha
Makhleb
Nemelex Xobeh
Okawaru
Qazlal
Ru
Sif Muna
Trog
Uskayaw
Vehumet
Wu Jian
Xom
Yredelemnul
Zin
The Shining One

Shops:
D:9 *   D:11 *   D:13 =   D:15 *


Innate Abilities, Weirdness & Mutations

You have a pair of horns on your head.
You reflexively headbutt those who attack you in melee.


Message History

You slash the ogre mage! Your headbutt misses the ogre mage.
The ogre mage is heavily wounded.
You feel sick.
You hear some strange, mumbled words.
You are confused.
The orc priest looks satisfied for a moment.
An orc comes into view. It is wielding a +0 hand axe.
The orc warlord roars a battlecry!
The orcs go into a battle-frenzy!
The ogre mage casts a spell at you.
You suddenly lose the ability to move!
You hear some strange, mumbled words.
The ogre mage seems to speed up.
The ogre hits you with a +0 giant club.
You feel sick. The ogre mage completely misses you. Something hits you.
The orc priest calls upon Beogh to heal the orc warlord.
The orc warlord is healed somewhat.
The orc priest invokes the aid of Beogh against you.
Beogh smites you!
The orc warrior unwields a +0 flail.
The orc warrior wields a +0 arbalest.
The orc warrior shoots a bolt.
The bolt hits you.
The orc warlord hits you but does no damage.
The ogre mage gestures at you while chanting.
The bolt of magma hits you!!
* * * LOW HITPOINT WARNING * * *
The ogre hits you with a +0 giant club!
* * * LOW HITPOINT WARNING * * *
You feel sick.
You are no longer poisoned.
You hear some strange, mumbled words.
The ogre seems to speed up.
The orc priest begins to cast a cantrip, but forgets the words!
The orc priest hits you with a +0 hand axe.
* * * LOW HITPOINT WARNING * * *
An orc comes into view. It is wielding a +0 whip.
The orc warlord hits you with a +1 long sword of holy wrath!!
* * * LOW HITPOINT WARNING * * *
Something hits you but does no damage.
You are poisoned.
The ogre mage hits you with a +0 club.
You die...

*,,,,,,,,,,,,,,,,,,,,,,,,,,,,,,,,
*,,,,,,,..........o.,,,,,,,,,,,,,
^,,,,,,..........o.****#***,,****
,,,*,,,...........#*##..,,,,,,,,,
,,**,,..........o.##O...,,,,,,,,,
,,,,,..........o.o#OO...,,,,,,,,,
,,,,,..........oooOOOO..,,,∩∩,,,,
,,,,,........#oOOo{OOO..,,,∩∩,,,,
,,,,,,.......ooo@O#O,o,,,,,,,,,,,
,,,,,,.#.....).{O.#*,,,,,,,,,,,,,
,,,,,,..........o.##**,,,,,,,,,,,
,,,,,,,#..#........#*******,,****
,,,,,**####)..........,,,,,,,,,,,
,,,,,**##.#..##.......,,,,,,,,,,,
,,,,,,*#.....###.######**********
,*,,...##....# ###
***,......)).##


You could see an orc warlord (reflecting), 4 two-headed ogres, 2 ogre magi, 3
orc warriors, 8 ogres, 6 orc priests and 4 orcs.

Vanquished Creatures
  Jorgrun (D:13)
  A very ugly thing (D:15)
  Snorg (Lair:3)
  Fannar (Lair:1)
  3 vault guards (D:14)
  The ghost of Manslay the Thaumaturge, a journeyman OpCj of Sif Muna (Lair:1)
  A ghost crab (Lair:3)
  4 hydras
  3 centaur warriors
  2 ogre magi (D:15)
  19 two-headed ogres
  A boulder beetle (D:12)
  Urug (Lair:3)
  3 soul eaters (D:13)
  2 sixfirhies (D:13)
  2 skysharks
  A skyshark (shapeshifter) (D:15)
  A glowing orange brain (D:15)
  A lindwurm (Lair:3)
  An orc knight (D:15)
  2 deep elf pyromancers
  2 cyclopes
  A manticore (D:12)
  5 ugly things
  14 elephants
  4 rust devils (D:13)
  2 black mambas
  A demonic crawler (Lair:2)
  12 cane toads
  A molten gargoyle (D:12)
  A smoke demon (D:13)
  A gargoyle (D:11)
  Maggie (D:7)
  2 rime drakes
  A yaktaur (D:14)
  2 unseen horrors (D:11)
  11 komodo dragons
  2 red devils (D:13)
  7 polar bears
  8 trolls
  4 hellwings (D:13)
  6 hornets (Lair:5)
  Grinder (D:5)
  8 blink frogs
  12 slime creatures
  17 dream sheep
  12 spriggans (Lair:5)
  A culicivora (shapeshifter) (D:14)
  A vampire (D:10)
  3 shadows
  3 wraiths
  33 yaks
  5 basilisks
  A water elemental (D:12)
  A wyvern (shapeshifter) (D:15)
  3 wyverns
  10 humans
  9 vampire mosquitoes
  Menkaure (D:7)
  Edmund (D:5)
  3 wargs (D:10)
  2 acid dragons
  12 water moccasins
  Duvessa (D:4)
  A meliai simulacrum (D:15)
  10 orc warriors
  3 sky beasts
  7 black bears
  A black bear (shapeshifter) (D:13)
  5 boggarts
  An ice beast (D:8)
  9 ogres
  7 centaurs
  45 wolves
  A phantom (D:6)
  14 bullfrogs
  3 kobold brigands
  4 gnoll sergeants (D:6)
  5 scorpions
  3 wights (D:9)
  Dowan (D:4)
  5 killer bees (D:8)
  3 electric eels
  2 howler monkeys
  7 crimson imps (D:7)
  7 hounds
  A jelly (D:6)
  8 orc priests
  3 gnoll boudas
  An iron imp (D:6)
  6 iguanas
  2 sleepcaps
  16 orc wizards
  6 hell rats (Lair:2)
  27 gnolls
  8 adders
  3 river rats (Sewer)
  A shadow imp (D:7)
  4 white imps
  2 worms (Lair:2)
  3 dart slugs
  38 orcs
  7 endoplasms
  3 giant cockroaches
  4 goblins
  9 hobgoblins
  12 jackals
  A quokka (D:3)
  14 ball pythons
  4 bats (D:1)
  6 frilled lizards
  21 kobolds
  29 rats
663 creatures vanquished.

Vanquished Creatures (collateral kills)
  An ettin (D:11)
  A two-headed ogre (D:9)
  2 orc knights (D:11)
  A gargoyle (D:11)
  A troll (D:11)
  4 yaks (D:9)
10 creatures vanquished.

Vanquished Creatures (others)
  A cyclops (D:13)
  A rust devil (D:13)
  A human (D:14)
  A centaur (D:13)
  4 demonic plants (D:13)
  2 foxfires (Swamp:1)
  23 fungi
  38 plants
71 creatures vanquished.

Grand Total: 744 creatures vanquished

Notes
Turn   | Place    | Note
-------+----------+-------------------------------------------
     0 | D:1      | Borgoz the Minotaur Berserker began the quest for the Orb.
     0 | D:1      | Reached XP level 1. HP: 19/19 MP: 0/0
   193 | D:1      | Reached XP level 2. HP: 24/27 MP: 1/1
   611 | D:1      | Reached ** piety under Trog
   989 | D:2      | Reached XP level 3. HP: 29/33 MP: 2/2
  1707 | D:3      | You fall into a shaft and drop 3 floors!
  1715 | D:6      | Noticed a sky beast
  1719 | D:6      | Noticed a black bear
  1727 | D:6      | Killed a sky beast
  1728 | D:6      | Reached XP level 4. HP: 40/41 MP: 3/3
  1731 | D:6      | Killed a black bear
  1732 | D:6      | Reached skill level 5 in Fighting
  1732 | D:6      | Reached skill level 5 in Long Blades
  1732 | D:6      | Reached skill level 5 in Armour
  1732 | D:6      | Reached XP level 5. HP: 47/48 MP: 4/4
  1750 | D:6      | HP: 1/48 [iguana (7)]
  1795 | D:6      | Reached XP level 6. HP: 56/56 MP: 5/5
  1797 | D:6      | Found a shimmering blue altar of Sif Muna.
  1827 | D:6      | Identified a scroll of acquirement
  1827 | D:6      | Acquired the +0 storm dragon scales of Otawk {rElec Int+2}
  1963 | D:6      | Found a glowing drain.
  1983 | Sewer    | Entered a sewer
  2315 | Sewer    | Reached XP level 7. HP: 56/62 MP: 6/6
  2316 | Sewer    | Reached *** piety under Trog
  2430 | D:6      | Found a hide-covered altar of Uskayaw.
  2512 | D:6      | Reached skill level 5 in Dodging
  2799 | D:6      | Reached XP level 8. HP: 56/71 MP: 7/7
  2915 | D:6      | Acquired the amulet of the Leaf {Will- Regen+ rCorr Str+3}
  3284 | D:6      | Found a snail-covered altar of Cheibriados.
  3668 | D:5      | Entered Level 5 of the Dungeon
  3707 | D:4      | Found a broken altar of Ashenzari.
  3877 | D:4      | Found a staircase to the Ecumenical Temple.
  3878 | D:4      | Noticed Dowan
  3879 | D:4      | Noticed Duvessa
  3892 | D:4      | Killed Duvessa
  3897 | D:4      | Killed Dowan
  3906 | Temple   | Entered the Ecumenical Temple
  3972 | D:4      | Reached skill level 10 in Armour
  4017 | D:4      | Reached **** piety under Trog
  4021 | D:4      | Reached XP level 9. HP: 80/81 MP: 8/8
  4288 | D:4      | Identified the staff of death "Moosm" {Fly rN+}
  5095 | D:5      | Found a burning altar of Makhleb.
  5627 | D:5      | Noticed Edmund
  5635 | D:5      | Killed Edmund
  5745 | D:5      | Identified the +7 ring mail of Stoicism {Str+3}
  5762 | D:5      | Noticed Grinder
  5775 | D:5      | Killed Grinder
  6298 | D:7      | Noticed Menkaure
  6303 | D:7      | Killed Menkaure
  6557 | D:7      | Found an iron altar of Okawaru.
  6561 | D:7      | Noticed Maggie
  6581 | D:7      | Killed Maggie
  6787 | D:7      | Found a stormy altar of Qazlal.
  6956 | D:7      | Found a shadowy altar of Dithmenos.
  6967 | D:7      | Identified the +12 flail of Tumult {pain, rPois rF+++ Will-
                  | Stlth+}
  7148 | D:7      | Reached ***** piety under Trog
  7165 | D:7      | Reached XP level 10. HP: 91/91 MP: 9/9
  7553 | D:8      | Found a blossoming altar of Fedhas.
  7559 | D:8      | Found an ornate altar of the Wu Jian Council.
  7572 | D:8      | Found a glowing silver altar of Zin.
  7575 | D:8      | Found a bloodstained altar of Trog.
  8137 | D:9      | Noticed a two-headed ogre
  8148 | D:9      | Killed a two-headed ogre
  8149 | D:9      | Reached skill level 10 in Fighting
  8149 | D:9      | Reached skill level 10 in Long Blades
  8202 | D:9      | Noticed a deep elf pyromancer
  8214 | D:9      | Noticed a two-headed ogre
  8218 | D:9      | Killed a deep elf pyromancer
  8223 | D:9      | Killed a two-headed ogre
  8281 | D:9      | Reached XP level 11. HP: 101/101 MP: 10/10
  8433 | D:9      | Found Meups's Assorted Antiques.
  8934 | D:9      | Bought a scroll labelled GORHEI VAPNIKLAI for 34 gold
                  | pieces
  8934 | D:9      | Bought a potion of curing for 102 gold pieces
  8934 | D:9      | Bought a potion of heal wounds for 170 gold pieces
  9017 | D:10     | Entered Level 10 of the Dungeon
  9025 | D:10     | Found a staircase to the Orcish Mines.
  9149 | D:10     | Noticed a two-headed ogre
  9160 | D:10     | Killed a two-headed ogre
  9203 | D:10     | Reached XP level 12. HP: 110/110 MP: 11/11
  9256 | D:10     | Found a staircase to the Lair.
  9271 | D:10     | Noticed a two-headed ogre
  9278 | D:10     | Killed a two-headed ogre
  9323 | D:10     | Noticed a two-headed ogre
  9332 | D:10     | Killed a two-headed ogre
  9394 | D:10     | Found a sacrificial altar of Ru.
  9677 | D:11     | Found a runed translucent door.
 10224 | D:11     | Found Kiseilow's General Store.
 10229 | D:11     | Bought a scroll of identify for 24 gold pieces
 10229 | D:11     | Bought a scroll of identify for 24 gold pieces
 10416 | D:11     | Noticed a two-headed ogre
 10529 | D:11     | Reached skill level 15 in Armour
 10535 | D:11     | Killed a two-headed ogre
 10583 | D:11     | Noticed an ettin
 10586 | D:11     | Killed an ettin
 10711 | D:12     | Noticed a boulder beetle
 10730 | D:12     | Killed a boulder beetle
 11182 | D:12     | Reached XP level 13. HP: 118/118 MP: 12/12
 11414 | D:11     | Bought a ring of poison resistance for 240 gold pieces
 11479 | Lair:1   | Entered Level 1 of the Lair of Beasts
 11486 | Lair:1   | Received a gift from Trog
 11553 | Lair:1   | Noticed Fannar
 11563 | Lair:1   | Killed Fannar
 11580 | Lair:1   | Reached skill level 5 in Throwing
 11993 | Lair:1   | Found a runed translucent door.
 11993 | Lair:1   | Noticed Manslay's ghost (journeyman OpCj)
 12027 | Lair:1   | Killed Manslay's ghost
 12455 | Lair:2   | Found a hole to the Spider Nest.
 13171 | Lair:3   | Reached skill level 5 in Evocations
 13185 | Lair:3   | Noticed Urug
 13195 | Lair:3   | Killed Urug
 13195 | Lair:3   | Received a gift from Trog
 13196 | Lair:3   | Reached skill level 5 in Stealth
 13790 | Lair:3   | Noticed Snorg
 13804 | Lair:3   | Killed Snorg
 13956 | Lair:3   | Found a staircase to the Swamp.
 14185 | Lair:4   | Found a staircase to the Slime Pits.
 14412 | Lair:4   | Reached XP level 14. HP: 96/130 MP: 13/13
 14968 | Lair:5   | Entered Level 5 of the Lair of Beasts
 15542 | Lair:5   | Reached ****** piety under Trog
 15607 | Lair:5   | Received a gift from Trog
 15742 | Lair:5   | Reached skill level 15 in Long Blades
 15769 | Lair:5   | Reached skill level 15 in Fighting
 16590 | D:13     | Reached skill level 15 in Dodging
 16675 | D:13     | Noticed Jorgrun
 16701 | D:13     | Killed Jorgrun
 16937 | D:13     | Reached XP level 15. HP: 138/141 MP: 14/14
 16964 | D:13     | Received a gift from Trog
 16975 | D:13     | HP: 6/143 [white ugly thing (32)]
 17182 | D:13     | Found Wokofeish's Jewellery Shop.
 17618 | D:13     | Bought a ring of protection from fire for 375 gold pieces
 18300 | D:14     | Found a gate to the Vaults.
 18496 | D:14     | Found an ornate altar of the Wu Jian Council.
 18571 | D:15     | Entered Level 15 of the Dungeon
 18894 | D:15     | Found Qehoch's CLEARANCE SALE!.
 19156 | D:15     | Found a staircase to the Depths.
 19180 | D:15     | Reached XP level 16. HP: 154/154 MP: 15/15
 19507 | Swamp:1  | Entered Level 1 of the Swamp
 19667 | Orc:1    | Entered Level 1 of the Orcish Mines
 19707 | Orc:2    | Entered Level 2 of the Orcish Mines
 19755 | Orc:2    | Found a staircase to the Elven Halls.
 19761 | Orc:2    | Found a flickering gateway to a bazaar.
 19816 | Orc:2    | Received a gift from Trog
 19905 | Bazaar   | Entered a bazaar
 19909 | Bazaar   | Found Wuyck's Jewellery Boutique.
 19931 | Bazaar   | Found Weabun's Antique Armour Emporium.
 19952 | Bazaar   | Found Meat's Book Boutique.
 19972 | Bazaar   | Found Udughewn's Antique Weapon Shoppe.
 20014 | Bazaar   | Bought a faintly glowing plate armour for 588 gold pieces
 20014 | Bazaar   | Identified the +7 plate armour of Supple Strength {rN+
                  | Int-5 Slay+2} (You bought it in a shop in a bazaar)
 20101 | Orc:2    | Paralysed by an ogre mage for 3 turns
 20103 | Orc:2    | HP: 6/155 [orc warlord/+1 long sword of holy wrath (22)]
 20103 | Orc:2    | Slain by an ogre mage

Illustrated notes

Levels and vault maps discovered:
D:1:      minmay_arrival_hallway, layout_loops_ring
D:2:      layout_basic
D:3:      layout_basic
D:4:      layout_basic, ashenzari_conservatory_becter, temple_statues,
          uniq_duvessa
D:5:      layout_cave_pods, mainiacjoe_overflow_alcove_1, chequers_mini_garden,
          uniq_grinder, uniq_edmund
D:6:      layout_cave_pools, nicolae_overflow_hidden_temple,
          eat_drink_and_be_merry_uskayaw, slow_altar_2, serial_gnoll_camp,
          gnoll_camp_mini_doghouse, gnoll_camp_mini_basic,
          gnoll_camp_huts_basic, gnoll_camp_medium_01, portal_sewer_entry_d
D:7:      layout_loops_ring, nicolae_qazlal_general_emergency, okawaru_humans,
          old_standard_altar, minmay_nine_imps, uniq_maggie, uniq_menkaure
D:8:      layout_cave_pods, grunt_temple_overflow_open,
          mainiacjoe_overflow_big_doors
D:9:      minmay_distorted_concentric_squares, layout_small_grid, serial_shops,
          nicolae_shop_tiny_waterfront, dreamdust_princess_bridge
D:10:     layout_cave_pools, mainiacjoe_overflow_chevrons,
          erik_lair_orcish_takeover, david_orc_3, kennysheep_another_room
D:11:     layout_irregular_city, serial_shops, shop, lightli_airlock
D:12:     layout_roguey, grunt_decor_one_mirror, nicolae_two_hexagons,
          nicolae_lava_and_water
D:13:     layout_small_grid, serial_shops, shop, serial_demonic,
          serial_demonic_f, serial_demonic_e, serial_demonic_d,
          serial_demonic_f, serial_demonic_g, serial_demonic_b,
          serial_demonic_b, serial_demonic_d, uniq_jorgrun
D:14:     layout_roguey, ximxim_vaults_locker_room, dreamdust_princess_corridor,
          pdpol_wu_jian_five_deadly_venoms
D:15:     gammafunk_enter_depths_forms, layout_rooms, nicolae_shop_clearance
Temple:   nicolae_temple_cloud_nine
Lair:1:   layout_regular_city, ebering_ghost_inner_flame, serial_bayou_pond_d,
          grunt_megastairs_3, infiniplex_staircase_pool, lemuel_fruit_fields,
          uniq_fannar
Lair:2:   layout_roguey, nicolae_spider_entry_non_spiders
Lair:3:   layout_cave_pods, swamp_mist_pool, serial_bayou_lake_a,
          grunt_megastairs_1, infiniplex_staircase_pool_2, uniq_snorg, uniq_urug
Lair:4:   layout_loops_ring, dpeg_slime_entry_enclosed, grunt_megastairs_2
Lair:5:   minmay_lair_end_enchanted_forest, layout_regular_city
Swamp:1:  layout_falls_marsh, gammafunk_ghost_grave,
          evilmike_swamp_ruin_house_6, swamp_pool2
Orc:1:    layout_diamond_mine, trog_butcher_becter, uniq_erica
Orc:2:    st_orc_ogre_mass, layout_diamond_mine, serial_shops, bzr_entry_road

Skill      XL: |  1  2  3  4  5  6  7  8  9 10 11 12 13 14 15 16 |
---------------+-------------------------------------------------+-----
Fighting       | 4 5 6 7 9 10 11 12 13 15 16 17 | 17.1
Long Blades    | 4 5 6 7 9 10 11 12 13 15 16 17 | 17.1
Armour         | 3 4 5 6 8 10 12 14 15 16 17 | 17.7
Dodging        | 3 4 5 6 8 9 11 12 13 15 16 | 16.6
Throwing       | 3 4 5 |  5.0
Stealth        | 3 4 5 |  5.0
Evocations     | 3 4 5 |  5.0

Action                     |  1- 3 |  4- 6 |  7- 9 | 10-12 | 13-15 | 16-18 || total
---------------------------+-------+-------+-------+-------+-------+-------++-------
  Melee: Falchion          |    80 |   168 |   448 |   264 |       |       ||   960
         Punch             |     1 |       |     3 |     5 |       |       ||     9
         Headbutt          |    11 |    26 |    76 |    76 |   217 |    21 ||   427
         Great sword       |       |       |       |    52 |   887 |    93 ||  1032
  Throw: Throwing net      |       |       |       |       |     4 |       ||     4
 Invoke: Berserk           |     1 |     2 |     8 |     8 |     8 |       ||    27
         Trog's Hand       |       |     3 |     1 |     1 |     2 |       ||     7
         Brothers in Arms  |       |       |       |     2 |       |       ||     2
  Evoke: Wand              |       |       |       |       |     3 |       ||     3
    Use: Scroll            |     7 |     1 |    12 |     7 |    15 |     1 ||    43
         Potion            |       |     1 |       |     2 |     2 |       ||     5
   Stab: Sleeping          |       |       |       |       |     6 |       ||     6
 Armour: Animal skin       |     9 |       |       |       |       |       ||     9
         Ring mail         |    24 |    13 |    43 |   111 |   350 |    45 ||   586
         Storm dragon scal |       |   106 |   205 |       |       |       ||   311
  Dodge: Dodged            |    45 |   120 |   284 |   306 |  1188 |   145 ||  2088
